 Dungeon Crawl Stone Soup version 0.31-a0-331-geda263fcf1 (webtiles) character file.

Game seed: 10884629499570164317

330 Newt the Skirmisher (level 6, 0/60 HPs)
             Began as a Kobold Hunter on July 19, 2023.
             Slain by a sleepcap (5 damage)
             ... on level 6 of the Dungeon.
             The game lasted 00:02:22 (3151 turns).

Newt the Skirmisher (Kobold Hunter)                 Turns: 3151, Time: 00:02:23

Health: 0/60       AC: 23    Str:  9    XL:     6   Next: 81%
Magic:  6/6        EV:  3    Int: 16    God:
Gold:   137        SH:  0    Dex: 20    Spells: 5/5 levels left

rFire   . . .        a - +0 shortbow
rCold   . . .        (shield currently unavailable)
rNeg    . . .        c - melded +1 leather armour
rPois   +            h - melded +0 helmet
rElec   .            (cloak currently unavailable)
rCorr   .            (gloves currently unavailable)
SInv    .            (boots currently unavailable)
Will    .....        (no amulet)
Stlth   +++          d - +6 ring of intelligence
HPRegen 0.30/turn    f - +5 ring of evasion
MPRegen 0.10/turn

%: no passive effects
@: tree-form
A: stationary, stasis, torment immunity, boosted hp, small, no large weapons,
nightstalker 3
a: no special abilities


You were on level 6 of the Dungeon.
You were a tree.
You visited 1 branch of the dungeon, and saw 4 of its levels.

You collected 137 gold pieces.

Inventory:

Hand Weapons
 a - a +0 shortbow (weapon)
Armour
 c - a +1 leather armour (melded)
 h - a +0 helmet (melded)
Jewellery
 d - a +6 ring of intelligence (left branch)
 f - a +5 ring of evasion (right branch)
Scrolls
 b - a scroll of butterflies
 g - a scroll of identify
Potions
 e - a potion of heal wounds
 j - a potion of enlightenment


   Skills:
 - Level 5.0 Fighting
 + Level 8.4 Ranged Weapons
 - Level 2.4 Dodging
 - Level 1.3 Stealth


You had 5 spell levels left.
You didn't know any spells.
Your spell library contained the following spells:

 Spells                   Type           Power      Damage    Failure   Level
 Ozocubu's Armour         Ice            0%         N/A       58%         3
 Portal Projectile        Hex/Tloc       0%         N/A       58%         3
 Tukima's Dance           Hex            0%         N/A       58%         3
 Iskenderun's Mystic Bla  Conj/Tloc      0%         2d3       94%         4
 Ozocubu's Refrigeration  Ice            0%         4d7       100%        7


Dungeon Overview and Level Annotations

Branches:
Dungeon (6/15)
 Temple: D:4-7

Altars:
Wu Jian

Annotations:
D:3 3 runed translucent doors


Innate Abilities, Weirdness & Mutations

You are a tree.
Your roots penetrate the ground, keeping you stationary.
You cannot be teleported.
You are immune to unholy pain and torment.
Your maximum health is greatly increased.
Your equipment is partially melded.
You are small and have problems with some larger weapons.
You are completely attuned to the shadows.


Message History

The orc hits you but does no damage.
The sleepcap releases spores at you but does no damage.
The orc wizard hits you but does no damage.
You shoot an arrow.
Your enlightenment fades.
The bullfrog hits you but does no damage.
The orc barely misses you.
The sleepcap releases spores at you but does no damage.
The orc wizard hits you but does no damage.
The bullfrog hits you but does no damage.
You shoot an arrow.
The arrow hits the orc but does no damage.
You feel less confused.
The bullfrog hits you but does no damage.
The orc wizard points at you and mumbles some strange words.
You resist with some effort.
The sleepcap releases spores at you but does no damage.
The orc completely misses you.
You shoot an arrow. The arrow barely misses the orc wizard.
The arrow hits the orc.
The orc is heavily wounded.
The bullfrog hits you.
* * * LOW HITPOINT WARNING * * *
The orc hits you but does no damage.
The sleepcap releases spores at you but does no damage.
The orc wizard hits you but does no damage.
The bullfrog hits you.
* * * LOW HITPOINT WARNING * * *
You shoot an arrow. The arrow hits the orc wizard.
The orc wizard is severely wounded.
The bullfrog hits you but does no damage.
The orc hits you but does no damage.
The sleepcap releases spores at you but does no damage.
The orc wizard hits you but does no damage.
Unknown command.
You shoot an arrow. The arrow hits the orc wizard.
The orc wizard is almost dead.
The bullfrog barely misses you. The orc hits you but does no damage.
The sleepcap releases spores at you.
You die...

#.........#
#.........#
#.........#
#.........#
#.......(.#
#.........#
#........[.
######.........
#..♣oo........
#..oFf........
....S.....###
..........#
..........#
........#


You could see a sleepcap, a bullfrog, an orc wizard, an adder and 2 orcs.

Vanquished Creatures
  An ice beast (D:6)
  A jelly (D:6)
  An orc priest (D:3)
  An orc wizard (D:3)
  9 adders
  2 worms (D:2)
  3 dart slugs (D:2)
  2 orcs (D:3)
  4 ball pythons
  4 endoplasms
  A giant cockroach (D:2)
  6 goblins
  3 hobgoblins
  6 jackals
  A quokka (D:2)
  3 bats
  A frilled lizard (D:3)
  4 kobolds
  2 rats
55 creatures vanquished.

Notes
Turn   | Place    | Note
-------+----------+-------------------------------------------
     0 | D:1      | Newt the Kobold Hunter began the quest for the Orb.
     0 | D:1      | Reached XP level 1. HP: 12/12 MP: 1/1
   217 | D:1      | Reached XP level 2. HP: 18/18 MP: 2/2
  1350 | D:2      | Reached XP level 3. HP: 24/24 MP: 3/3
  1482 | D:2      | Reached XP level 4. HP: 19/30 MP: 4/4
  1730 | D:2      | Reached skill level 5 in Fighting
  2006 | D:2      | Reached XP level 5. HP: 35/35 MP: 5/5
  2503 | D:3      | Reached skill level 6 in Ranged Weapons
  2728 | D:3      | Found a runed translucent gate.
  2729 | D:3      | Found a runed translucent gate.
  2730 | D:3      | Found a runed translucent gate.
  2906 | D:3      | Found an ornate altar of the Wu Jian Council.
  3011 | D:3      | Reached skill level 7 in Ranged Weapons
  3014 | D:3      | Reached XP level 6. HP: 39/40 MP: 6/6
  3020 | D:3      | You fall into a shaft and drop 3 floors!
  3104 | D:6      | Noticed an ice beast
  3123 | D:6      | Killed an ice beast
  3124 | D:6      | Reached skill level 8 in Ranged Weapons
  3136 | D:6      | HP: 2/40 [orc wizard/puff of flame (11)]
  3151 | D:6      | Slain by a sleepcap

Illustrated notes

Levels and vault maps discovered:
D:1:      spicycebolla_arrival_xxxplode, layout_basic
D:2:      layout_basic, serial_rivers, chequers_serial_rivers_large_b,
          chequers_serial_rivers_micro_d, chequers_serial_rivers_micro_d,
          chequers_serial_rivers_micro_a, minmay_hedge_maze
D:3:      layout_basic, nicolae_wu_jian_glorious_leap, gammafunk_ghost_cemetery,
          minmay_lizard_king
D:6:      layout_rooms, cheibrodos_sewer_entry_drain

Skill      XL: |  1  2  3  4  5  6 |
---------------+-------------------+-----
Fighting       | 3 4 5 |  5.0
Ranged Weapons | 7 8 |  8.4
Dodging        | |  2.4
Stealth        | |  1.3

Action                     |  1- 3 |  4- 6 || total
---------------------------+-------+-------++-------
  Melee: Shortbow          |       |     2 ||     2
   Fire: Shortbow          |    66 |   133 ||   199
    Use: Scroll            |     2 |     3 ||     5
         Potion            |       |     5 ||     5
 Armour: Leather armour    |     6 |    15 ||    21
         Skin              |       |    31 ||    31
  Dodge: Dodged            |    20 |    84 ||   104

Table legend: (Time is in decaauts)
 A = Elapsed time spent in this place.
 B = Non-inter-level travel time spent in this place.
 C = Inter-level travel time spent in this place.
 D = Time resting spent in this place.
 E = Time spent auto-exploring this place.
 F = Levels seen in this place.
 G = Mean time per level.
                   A        B        C        D        E       F      G
               +--------+--------+--------+--------+--------+-----+--------+
         Total |   3233 |   3189 |     44 |    148 |   2670 |   4 |  808.2 |
       Dungeon |   3233 |   3189 |     44 |    148 |   2670 |   4 |  808.2 |
               +--------+--------+--------+--------+--------+-----+--------+

Top non-repeatable levels by time:
     D:1: 1264 daAuts
     D:2: 1255 daAuts
     D:3: 580 daAuts
     D:6: 133 daAuts
